 Dungeon Crawl Stone Soup version 0.29-a0-344-ge2f44be95a (webtiles) character file.

Game seed: 9313338056411826646

2718 Dauddaud the Cleaver (level 9, -5/97 (105) HPs)
             Began as a Minotaur Berserker on Apr 22, 2022.
             Was a Priest of Trog.
             Slain by a wight
             ... wielding a +0 trident
              (9 damage)
             ... on level 8 of the Dungeon.
             The game lasted 00:16:35 (9201 turns).

Dauddaud the Cleaver (Minotaur Berserker)           Turns: 9201, Time: 00:16:36

HP:   -5/97 (105)   AC:  8    Str: 26    XL:     9   Next: 39%
MP:   8/8           EV: 10    Int:  4    God:    Trog [***...]
Gold: 419           SH:  0    Dex: 10    Spells: 8/8 levels left

rFire   . . .      SeeInvis .   f - +0 battleaxe
rCold   . . .      Faith    .   (shield currently unavailable)
rNeg    . . .      Spirit   .   i - +0 scale mail
rPois   .          Reflect  .   (helmet restricted)
rElec   .          Harm     .   G - +0 cloak
rCorr   .          Rampage  .   d - +0 pair of gloves
Will    .....                   (no boots)
Stlth   ..........              (no amulet)
HPRegen 0.26/turn               (no ring)
MPRegen 0.11/turn               (no ring)

@: berserking, drained, very quick
A: horns 2, retaliatory headbutt
a: Renounce Religion, Berserk, Trog's Hand


You were on level 8 of the Dungeon.
You worshipped Trog.
Trog was most pleased with you.
You visited 1 branch of the dungeon, and saw 8 of its levels.

You collected 419 gold pieces.

Inventory:

Hand Weapons
 a - a +0 hand axe
 f - a +0 battleaxe (weapon)
Missiles
 J - 2 throwing nets (quivered)
Armour
 b - a +0 animal skin
 d - a +0 pair of gloves (worn)
 i - a +0 scale mail (worn)
 G - a +0 cloak (worn)
Wands
 l - a wand of paralysis (5)
 q - a wand of flame (9)
 s - a wand of iceblast (8)
 C - a wand of polymorph (7)
 F - a wand of charming (4)
Scrolls
 c - a scroll of teleportation {unknown}
 e - a scroll of summoning
 g - 2 scrolls of enchant weapon
 h - a scroll of fog
 j - 3 scrolls of vulnerability
 t - 3 scrolls of blinking
 y - a scroll of magic mapping {unknown}
 D - a scroll of enchant armour {unknown}
 E - a scroll of torment
 H - a scroll of fear
 I - 3 scrolls of identify
Potions
 k - 2 potions of attraction {unknown}
 m - a potion of might
 n - a potion of resistance {unknown}
 o - a potion of degeneration {unknown}
 p - a potion of cancellation {unknown}
 r - 5 potions of heal wounds {unknown}
 u - a potion of mutation {unknown}
 v - 2 potions of brilliance {unknown}
 w - 2 potions of berserk rage {unknown}
 x - 3 potions of haste {unknown}
 z - a potion of lignification {unknown}
 A - a potion of flight {unknown}
 B - a potion of curing


   Skills:
 - Level 3.6 Fighting
 * Level 14.8 Axes
 - Level 2.4 Armour
 - Level 2.1 Dodging
 + Level 3.4 Evocations


You had 8 spell levels left.
You didn't know any spells.
Your spell library was empty.

Dungeon Overview and Level Annotations

Branches:
Dungeon (8/15)             Temple (0/1) D:5
   Lair: D:8-11

Altars:
Fedhas
Gozag
Nemelex Xobeh
Trog
Uskayaw
Vehumet
Wu Jian
Zin

Shops:
D:7 *

Annotations:
D:5 2 runed translucent doors


Innate Abilities, Weirdness & Mutations

You have a pair of horns on your head.
You reflexively headbutt those who attack you in melee.


Message History

You closely miss the wight.
The wight is moderately damaged.
You slice the wight!!
You feel the power of Trog in you as your rage grows.
You destroy the wight!
Trog accepts your kill. The wight closely misses you.
You slash the wight!
The wight is almost destroyed.
The wight hits you with a +4 dagger.
* * * LOW HITPOINT WARNING * * *
The wight hits you from afar with a +0 trident.
* * * LOW HITPOINT WARNING * * *
You feel drained.
* * * LOW HITPOINT WARNING * * *
You closely miss the wight. Your headbutt misses the wight.
The wight is almost destroyed.
You barely miss the wight.
The wight is almost destroyed.
The wight closely misses you. x2
You barely miss the wight. Your headbutt misses the wight.
The wight is almost destroyed.
The wight hits you with a +4 dagger.
* * * LOW HITPOINT WARNING * * *
You feel drained.
* * * LOW HITPOINT WARNING * * *
The wight hits you from afar with a +0 trident.
* * * LOW HITPOINT WARNING * * *
You completely miss the wight.
The wight is almost destroyed.
You closely miss the wight. You headbutt the wight.
You destroy the wight!
Trog accepts your kill. The wight hits you but does no damage.
You slash the wight!
The wight is almost destroyed.
The wight hits you with a +0 dagger.
* * * LOW HITPOINT WARNING * * *
The wight hits you from afar with a +0 trident!
You die...

#.......##..# #
##.####..##..#
#.....#..##..####
#..._.#..##.....#.
#.....#...).......#
#.................#
#...####.^........#
##.## #..........#
#@# #..........#
#z# ########+#.#
#z....... .#
..?..#... ......#
.......# ........#
.........#
....#######


You could see 2 wights.

Vanquished Creatures
  An unseen horror (D:7)
  Grinder (D:4)
  A water moccasin (D:7)
  A black bear (D:5)
  A sky beast (D:6)
  2 ice beasts
  A centaur (D:7)
  A bullfrog (D:7)
  3 gnoll sergeants
  A necrophage (D:6)
  3 scorpions
  10 wights
  2 howler monkeys (D:5)
  4 orc priests
  A hound (D:5)
  A jelly (D:4)
  Crazy Yiuf (D:6)
  Ijyb (D:3)
  4 iguanas
  2 orc wizards
  Robin (D:2)
  12 gnolls
  3 adders
  A shadow imp (D:8)
  A white imp (D:7)
  A worm (D:1)
  3 dart slugs
  14 orcs
  5 ball pythons
  5 bats
  7 endoplasms
  5 giant cockroaches
  11 goblins
  7 hobgoblins
  8 kobolds
  7 quokkas
  8 rats
141 creatures vanquished.

Notes
Turn   | Place    | Note
-------+----------+-------------------------------------------
     0 | D:1      | Dauddaud the Minotaur Berserker began the quest for the
                  | Orb.
     0 | D:1      | Reached XP level 1. HP: 19/19 MP: 0/0
   201 | D:1      | Reached skill level 4 in Axes
   351 | D:1      | Reached XP level 2. HP: 26/26 MP: 1/1
   932 | D:2      | Reached skill level 5 in Axes
   988 | D:2      | Reached XP level 3. HP: 31/31 MP: 2/2
  1301 | D:2      | Noticed Robin
  1303 | D:2      | Reached ** piety under Trog
  1308 | D:2      | Killed Robin
  1526 | D:2      | Found a faded altar of an unknown god.
  1574 | D:2      | Reached XP level 4. HP: 33/39 MP: 3/3
  1701 | D:3      | Reached skill level 6 in Axes
  2345 | D:3      | Noticed Ijyb
  2356 | D:3      | Killed Ijyb
  2357 | D:3      | Reached skill level 7 in Axes
  2357 | D:3      | Reached XP level 5. HP: 18/45 MP: 4/4
  2741 | D:4      | Found a glowing silver altar of Zin.
  2742 | D:4      | Noticed Grinder
  2756 | D:4      | Paralysed by Grinder for 2 turns
  2760 | D:4      | Killed Grinder
  2761 | D:4      | Reached skill level 8 in Axes
  2761 | D:4      | Reached XP level 6. HP: 25/51 MP: 5/5
  3151 | D:4      | Reached skill level 9 in Axes
  3748 | D:5      | Entered Level 5 of the Dungeon
  3791 | D:5      | Reached XP level 7. HP: 30/57 MP: 6/6
  3958 | D:5      | Found a staircase to the Ecumenical Temple.
  4011 | D:5      | Reached *** piety under Trog
  4012 | D:5      | Reached skill level 10 in Axes
  4605 | D:5      | Found a runed translucent door.
  4606 | D:5      | Noticed a vampire mosquito
  4611 | D:5      | Found a runed translucent door.
  4771 | D:5      | Reached skill level 11 in Axes
  4899 | D:5      | Found an ornate altar of the Wu Jian Council.
  4919 | D:5      | Reached XP level 8. HP: 34/64 MP: 7/7
  5606 | D:6      | Reached skill level 12 in Axes
  6431 | D:6      | Found a sparkling altar of Nemelex Xobeh.
  6455 | D:6      | Found a blossoming altar of Fedhas.
  6610 | D:6      | Found a runed translucent door.
  6611 | D:6      | Noticed Crazy Yiuf
  6617 | D:6      | Killed Crazy Yiuf
  6723 | D:7      | Reached skill level 13 in Axes
  6804 | D:7      | Found a hide-covered altar of Uskayaw.
  7562 | D:7      | Reached skill level 1 in Evocations
  7628 | D:7      | Found an opulent altar of Gozag.
  7633 | D:7      | Found Gozag's Platinum Reserve.
  7951 | D:7      | Killed an unseen horror
  7952 | D:7      | Reached skill level 14 in Axes
  7952 | D:7      | Reached XP level 9. HP: 57/70 MP: 8/8
  8550 | D:8      | Found a bloodstained altar of Trog.
  9170 | D:8      | Found a radiant altar of Vehumet.
  9201 | D:8      | HP: 4/97 [wight/+0 dagger (4)]
  9201 | D:8      | Slain by a wight

Illustrated notes

Levels and vault maps discovered:
D:1:      shiori_shiawase, layout_basic, nicolae_wormholes
D:2:      layout_rooms, hellmonk_ecumenical_altar_leap_of_faith, uniq_robin
D:3:      layout_loops_corners, uniq_ijyb
D:4:      layout_rooms, mainiacjoe_overflow_cross_hatched,
          gup_sewer_entry_glass, uniq_grinder
D:5:      lemuel_insect_pit, layout_cave_pods,
          mainiacjoe_overflow_six_doors_small, minmay_temple_entry_glass
D:6:      layout_loops_ring, nicolae_overflow_hidden_temple,
          uniq_crazy_yiuf_cottage
D:7:      layout_loops_ring, nicolae_gozag_zags_fifth_avenue,
          nicolae_uskayaw_dance_hall
D:8:      layout_basic, mainiacjoe_overflow_chevrons,
          mainiacjoe_overflow_catwalk, kennysheep_opposing_triangles

Skill      XL: |  1  2  3  4  5  6  7  8  9 |
---------------+----------------------------+-----
Axes           | 4 5 7 8 9 11 14 | 14.8
Evocations     | 2 3 |  3.4
Fighting       | |  3.6
Armour         | |  2.4
Dodging        | |  2.1

Action                   |  1- 3 |  4- 6 |  7- 9 || total
-------------------------+-------+-------+-------++-------
Melee: Hand axe          |    44 |       |       ||    44
       Headbutt          |     8 |     7 |    30 ||    45
       Battleaxe         |    29 |    78 |   168 ||   275
Invok: Berserk           |     1 |     1 |     3 ||     5
  Use: Scroll            |     1 |     4 |     2 ||     7
       Potion            |       |     2 |       ||     2
Armor: Animal skin       |     9 |       |       ||     9
       Scale mail        |    13 |    31 |    59 ||   103
Dodge: Dodged            |    61 |    49 |   113 ||   223

Table legend: (Time is in decaauts)
 A = Elapsed time spent in this place.
 B = Non-inter-level travel time spent in this place.
 C = Inter-level travel time spent in this place.
 D = Time resting spent in this place.
 E = Time spent auto-exploring this place.
 F = Levels seen in this place.
 G = Mean time per level.
                   A        B        C        D        E       F      G
               +--------+--------+--------+--------+--------+-----+--------+
         Total |   9290 |   9077 |    213 |   2916 |   4942 |   8 | 1161.2 |
       Dungeon |   9290 |   9077 |    213 |   2916 |   4942 |   8 | 1161.2 |
               +--------+--------+--------+--------+--------+-----+--------+

Top non-repeatable levels by time:
     D:7: 1835 daAuts
     D:5: 1777 daAuts
     D:3: 1377 daAuts
     D:6: 1210 daAuts
     D:1: 928 daAuts
     D:2: 765 daAuts
     D:4: 740 daAuts
     D:8: 654 daAuts
